 Dungeon Crawl Stone Soup version 0.30.1-3-gfc49f6343a (webtiles) character file.

Game seed: 4731851231029744642

37 cdecastro the Caller (level 3, -1/24 HPs)
             Began as a Merfolk Summoner on July 31, 2023.
             Was a Believer of the Shining One.
             Slain by an orc
             ... wielding a +0 hand axe
              (3 damage)
             ... while paralysed by Grinder
             ... on level 3 of the Dungeon on Aug 1, 2023.
             The game lasted 00:05:55 (2428 turns).

cdecastro the Caller (Merfolk Summoner)             Turns: 2428, Time: 00:05:55

Health: -1/24      AC:  2    Str:  8    XL:     3   Next: 39%
Magic:  4/6        EV:  2    Int: 16    God:    the Shining One [**....]
Gold:   172        SH:  0    Dex: 14    Spells: 2/6 levels left

rFire   . . .        i - +0 dagger
rCold   . . .        (no shield)
rNeg    + . .        a - +0 robe
rPois   .            (no helmet)
rElec   .            (no cloak)
rCorr   .            (no gloves)
SInv    .            (no boots)
Will    .....        (no amulet)
Stlth   +            (no ring)
HPRegen 0.24/turn    (no ring)
MPRegen 0.10/turn

%: no passive effects
@: paralysed, glowing
A: (nimble swimmer 2), mertail
a: Renounce Religion, Divine Shield


You were on level 3 of the Dungeon.
You worshipped the Shining One.
The Shining One was pleased with you.
You visited 1 branch of the dungeon, and saw 3 of its levels.

You collected 172 gold pieces.

Inventory:

Hand Weapons
 i - a +0 dagger (weapon)
Missiles
 n - 2 poisoned darts
Armour
 a - a +0 robe (worn)
Scrolls
 c - a scroll of vulnerability {unknown}
 e - a scroll of identify {unknown}
 g - a scroll of immolation
 h - 2 scrolls of magic mapping {unknown}
 j - 2 scrolls of enchant weapon {unknown}
 k - a scroll of poison {unknown}
 l - a scroll of noise {unknown}
 m - a scroll of torment {unknown}
Potions
 b - a potion of magic
 d - a potion of curing {unknown}
 f - a potion of cancellation {unknown}


   Skills:
 - Level 2.6 Dodging
 - Level 2.1 Stealth
 - Level 2.0 Spellcasting
 + Level 5.1 Summonings


You had 2 spell levels left.
You knew the following spells:

 Your Spells              Type           Power      Damage    Failure   Level
a - Summon Small Mammal   Summ           72%        N/A       2%          1
b - Call Canine Familiar  Summ           18%        N/A       8%          3

Your spell library contained the following spells:

 Spells                   Type           Power      Damage    Failure   Level
 Call Imp                 Summ           36%        N/A       3%          2
 Ensorcelled Hibernation  Hex/Ice        2%         N/A       30%         2
 Passwall                 Tmut/Erth      0%         N/A       30%         2
 Summon Guardian Golem    Hex/Summ       9%         N/A       22%         3
 Frozen Ramparts          Ice            2%         1d1       52%         3
 Swiftness                Air            1%         N/A       52%         3
 Summon Ice Beast         Ice/Summ       9%         N/A       58%         4
 Summon Lightning Spire   Summ/Air       9%         N/A       58%         4
 Leda's Liquefaction      Hex/Erth       0%         N/A       90%         4


Dungeon Overview and Level Annotations

Branches:
Dungeon (3/15)

Altars:
Fedhas
The Shining One

Annotations:
D:3 Grinder


Innate Abilities, Weirdness & Mutations

((You are very nimble when in or above water. (Stealth+, EV+, Speed+++)))
Your lower body shifts to a powerful aquatic tail in water.


Message History

2 orcs and a quokka come into view.
Found a blossoming altar of Fedhas.
The orc shouts! x2
The orc priest hits you with a +0 dagger.
Casting: Summon Small Mammal (safe; 2% risk of failure)
Press: ? - help, Q - select action, (/) - cycle Dir - look around, f - activate The orc priest hits you with a +0 dagger.
Unknown command.
Casting: Summon Small Mammal (safe; 2% risk of failure)
Press: ? - help, Q - select action, (/) - cycle Dir - look around, f - activate The orc priest closely misses you.
Unknown command.
An orc wizard and 3 orcs come into view.
The orc shouts!
The orc wizard shouts!
The orc shouts! x2
Grinder gestures at you.
Your quokka writhes in agony!
Your quokka dies!
Your quokka's corpse disappears in a puff of smoke!
The quokka bites you.
Your quokka barely misses the quokka.
As you read the scroll labelled NAHUIDGHOIDU, it crumbles to dust.
The creatures around you are filled with an inner flame!
It was a scroll of immolation.
The quokka bites you but does no damage.
Grinder gestures at you.
You suddenly lose the ability to move!
The orc wizard mumbles some strange words.
The orc wizard flickers and vanishes!
Deactivating autopickup; reactivate with Ctrl-A.
The orc priest hits you but does no damage.
Your quokka closely misses the quokka.
The quokka bites you but does no damage.
Your quokka bites the quokka.
Flame seeps out of the quokka.
The orc priest calls down the wrath of Beogh upon you.
Beogh smites you!
Ouch! That really hurt!
* * * LOW HITPOINT WARNING * * *
The orc hits you with a +0 club.
* * * LOW HITPOINT WARNING * * *
The orc hits you with a +0 hand axe.
You die...

# ... # .._
. ### .. ..
..#.. ...
###.#. ....
.r..
.....##r###
...o...o@.#
...o.##o#o#
. ... #.#o#
. . #.#.# #
g. #.#.# .#
g# #5#.# ..
g# #.#.# #
.# #.#o# #
g# #.#


You could see Grinder (inner flame), an orc priest (inner flame), 6 orcs, a
quokka (inner flame, ally target) and a friendly quokka (summoned, inner flame).

Vanquished Creatures
  A worm (D:2)
  A ball python (D:2)
  An endoplasm (D:2)
  A goblin (D:1)
  3 kobolds
  A quokka (D:1)
  A frilled lizard (D:1)
  A rat (D:2)
10 creatures vanquished.

Vanquished Creatures (collateral kills)
  A worm (D:2)
  A bat (D:1)
  An endoplasm (D:3)
  2 giant cockroaches
  2 goblins
  3 hobgoblins
  2 jackals (D:3)
  A quokka (D:1)
  2 frilled lizards (D:1)
  3 rats (D:1)
18 creatures vanquished.

Grand Total: 28 creatures vanquished

Notes
Turn   | Place    | Note
-------+----------+-------------------------------------------
     0 | D:1      | cdecastro the Merfolk Summoner began the quest for the Orb.
     0 | D:1      | Reached XP level 1. HP: 13/13 MP: 3/3
     6 | D:1      | Noticed an electric eel
   365 | D:1      | Reached XP level 2. HP: 7/19 MP: 3/5
  1325 | D:1      | Found a faded altar of an unknown god.
  1329 | D:1      | Prayed at the altar of an unknown god.
  1329 | D:1      | Became a worshipper of the Shining One
  1329 | D:1      | Reached * piety under the Shining One
  1558 | D:2      | Reached XP level 3. HP: 21/24 MP: 3/6
  1706 | D:2      | Reached skill level 5 in Summonings
  2048 | D:3      | Got the Book of the Winter and the Wyrd
  2111 | D:2      | Learned a level 3 spell: Call Canine Familiar
  2368 | D:3      | Noticed Grinder
  2423 | D:3      | Found a blossoming altar of Fedhas.
  2426 | D:3      | Reached ** piety under the Shining One
  2427 | D:3      | Paralysed by Grinder for 4 turns
  2428 | D:3      | Slain by an orc

Illustrated notes

Levels and vault maps discovered:
D:1:      arrival_aquarium_a, layout_basic,
          shapermc_ecumenical_altar_hornbeckon, serial_forest,
          infiniplex_forest_clump_diagonal, infiniplex_forest_lined_ring,
          infiniplex_forest_corner_1, infiniplex_forest_straight_5
D:2:      cheibrodos_old_hovel, layout_rooms
D:3:      layout_loops_ring, fedhas_altar_1, kennysheep_slug_shrine,
          chequers_serial_rivers_micro_c, skrybe_limestone_x, uniq_grinder

Skill      XL: |  1  2  3 |
---------------+----------+-----
Summonings     | 5 |  5.1
Dodging        | |  2.6
Stealth        | |  2.1
Spellcasting   | |  2.0

Action                     || total
---------------------------++-------
  Melee: Unarmed           ||    46
         Punch             ||     1
         Dagger            ||    36
   Cast: Summon Small Mamm ||    54
    Use: Scroll            ||     1
   Stab: Distracted        ||     1
 Armour: Robe              ||    15
  Dodge: Dodged            ||    63
